 Dungeon Crawl Stone Soup version 0.19-a0-1937-g70ed36a (webtiles) character file.

970 varam the Grappler (level 7, -7/66 HPs)
             Began as a Troll Monk on Oct 26, 2016.
             Mangled by a mummy (15 damage)
             ... in an ossuary.
             The game lasted 00:06:58 (4131 turns).

varam the Grappler (Troll Monk)                     Turns: 4131, Time: 00:07:00

Health: -7/66      AC:  6    Str: 20    XL:     7   Next: 94%
Magic:  6/6        EV: 11    Int:  6    God:
Gold:   261        SH:  0    Dex: 14    Spells: 0 memorised, 6 levels left

rFire  . . .     SeeInvis .       - Unarmed
rCold  . . .     Gourm    +     a - +0 robe
rNeg   . . .     Faith    .     (no shield)
rPois  .         Spirit   .     (helmet restricted)
rElec  .         Reflect  .     j - +0 cloak
rCorr  .         Harm     .     (gloves unavailable)
MR     .....                    (boots unavailable)
Stlth  ++........               (no amulet)
                                (no ring)
                                (no ring)

@: no status effects
A: unfitting armour, claws 3, fast metabolism 3, gourmand, regeneration 1,
shaggy fur 1, tough skin 2
a: no special abilities


You were in an ossuary.
You were full.

You visited 1 branch of the dungeon, and saw 6 of its levels.
You also visited: Ossuary.

You collected 261 gold pieces.

Inventory:

Hand Weapons
 x - a +0 hunting sling
Missiles
 o - 13 tomahawks (quivered)
Armour
 a - a +0 robe (worn)
 j - a +0 cloak (worn)
Jewellery
 l - a +3 ring of protection {unknown}
Wands
 p - a wand of flame (28/48)
 D - a wand of polymorph (12/24)
Scrolls
 c - a scroll of recharging {unknown}
 f - a scroll of enchant weapon {unknown}
 h - 2 scrolls of teleportation {unknown}
 i - 2 scrolls of amnesia {unknown}
 n - 2 scrolls of enchant armour {unknown}
 r - a scroll of remove curse {unknown}
 v - a scroll of noise {unknown}
 y - 6 scrolls of identify {unknown}
 A - 2 scrolls of blinking {unknown}
Potions
 d - a potion of curing {unknown}
 e - a potion of degeneration {unknown}
 g - 2 potions of cancellation {unknown}
 k - a potion of lignification {unknown}
 m - 2 potions of might {unknown}
 q - a potion of haste {unknown}
 s - a potion of flight {unknown}
 u - a potion of magic {unknown}
 w - 2 potions of cure mutation {unknown}
 z - a potion of heal wounds {unknown}
Books
 C - a book of Frost

   Spells                             Type                      Level
   a - Freeze                         Ice                          1
   b - Throw Frost                    Conjuration/Ice              2
   c - Ozocubu's Armour               Charms/Ice                   3
   d - Throw Icicle                   Conjuration/Ice              4
   e - Summon Ice Beast               Ice/Summoning                4
Comestibles
 b - 3 bread rations
 t - 2 beef jerkies
 B - a meat ration
 E - 4 fruits


   Skills:
 - Level 2.4 Fighting
 + Level 3.2 Throwing
 + Level 3.4 Dodging
 - Level 1.0 Stealth
 * Level 8.3 Unarmed Combat


You had 6 spell levels left.
You didn't know any spells.

Dungeon Overview and Level Annotations

Branches:
Dungeon (6/15)
 Temple: D:4-7

Altars:
Dithmenos
Elyvilon
Gozag
Nemelex Xobeh
Ru
Sif Muna
Vehumet
Yredelemnul
The Shining One

Annotations:
D:5 Grinder, Menkaure, Pikel


Innate Abilities, Weirdness & Mutations

You are too large for most types of armour.
You have claws for hands.
Your metabolism is lightning-fast.
You like to eat raw meat.
Your natural rate of healing is unusually fast.
You are covered in fur. (AC +1)
You have very tough skin. (AC +2)


Message History

* * * LOW HITPOINT WARNING * * *
You claw the mummy!
You destroy the mummy!
You scratch the mummy.
The mummy is lightly damaged.
The mummy hits you but does no damage.
You barely miss the mummy.
The mummy is lightly damaged.
You claw the mummy!
The mummy is almost destroyed.
You feel sick.
You are no longer poisoned.
The mummy hits you.
* * * LOW HITPOINT WARNING * * *
You scratch the mummy but do no damage.
The mummy is almost destroyed.
You barely miss the mummy.
The mummy is almost destroyed.
The mummy hits you!
You die...

#######
#.#.#.#
#@....#
##M..##
#.∩.#
#...#
#.∩.#
#...#
##+##


You could see a mummy.

Vanquished Creatures
  Prince Ribbit (D:5)
  A phantom (D:4)
  A centaur (D:5)
  2 scorpions
  A howler monkey (D:5)
  A hound (D:5)
  An orc priest (D:3)
  An iguana (D:4)
  An orc wizard (D:3)
  4 worker ants
  A hound zombie (D:5)
  2 mummies (Ossuary)
  4 gnolls (D:3)
  10 adders
  An ooze (D:1)
  An adder skeleton (D:4)
  2 worms (D:3)
  4 dart slugs
  3 leopard geckos (D:3)
  6 orcs
  7 bats
  4 giant cockroaches
  5 hobgoblins
  3 jackals (D:2)
  5 quokkas
  4 ball pythons
  5 frilled lizards
  4 goblins
  5 kobolds
  7 rats
97 creatures vanquished.

Notes
Turn   | Place    | Note
-------+----------+-------------------------------------------
     0 | D:1      | varam the Troll Monk began the quest for the Orb.
     0 | D:1      | Reached XP level 1. HP: 22/22 MP: 0/0
     3 | D:1      | Noticed an electric eel
     3 | D:1      | Noticed an electric eel
   222 | D:1      | Reached XP level 2. HP: 29/29 MP: 1/1
   508 | D:1      | Reached skill level 4 in Unarmed Combat
   616 | D:1      | Reached XP level 3. HP: 20/36 MP: 2/2
  1164 | D:2      | Reached XP level 4. HP: 42/44 MP: 3/3
  1167 | D:2      | Reached skill level 5 in Unarmed Combat
  1274 | D:2      | Found an opulent altar of Gozag.
  1409 | D:2      | Found a radiant altar of Vehumet.
  1428 | D:2      | Found a sparkling altar of Nemelex Xobeh.
  1428 | D:2      | Found a sacrificial altar of Ru.
  1697 | D:3      | Reached XP level 5. HP: 33/50 MP: 4/4
  1709 | D:3      | Reached skill level 6 in Unarmed Combat
  2054 | D:3      | Found a deep blue altar of Sif Muna.
  2060 | D:3      | Found a glowing golden altar of the Shining One.
  2065 | D:3      | Found a basalt altar of Yredelemnul.
  2454 | D:3      | Reached XP level 6. HP: 57/59 MP: 5/5
  2605 | D:3      | Reached skill level 1 in Throwing
  2775 | D:4      | Reached skill level 7 in Unarmed Combat
  2992 | D:4      | Found a white marble altar of Elyvilon.
  3587 | D:5      | Entered Level 5 of the Dungeon
  3587 | D:5      | Noticed Prince Ribbit
  3608 | D:5      | Killed Prince Ribbit
  3608 | D:5      | Reached XP level 7. HP: 48/66 MP: 6/6
  3629 | D:5      | Noticed Menkaure
  3644 | D:5      | Found a shadowy altar of Dithmenos.
  3644 | D:5      | Noticed Pikel
  3771 | D:5      | Reached skill level 8 in Unarmed Combat
  4025 | D:5      | Noticed Grinder
  4111 | D:6      | Found a sand-covered staircase.
  4117 | Ossuary  | Entered an ossuary
  4131 | Ossuary  | Mangled by a mummy

Vault maps used:
D:1:      arrival_aquarium_b, dk_noncrumbling_3
D:2:      nicolae_gozag_seed_capital, vehumet_crystals,
          chequers_temple_overflow_statue_of_worship, minmay_stone_trees_medium,
          kennysheep_boxes
D:3:      minitemple, kennysheep_generic_room_2
D:4:      nicolae_overflow_crystal_walls, minmay_cut_off
D:5:      nicolae_dithmenos_through_a_glass_darkly, kennysheep_mini_moat,
          first_bread, nrook_pool_corridor, uniq_prince_ribbit1, uniq_pikel,
          uniq_menkaure, uniq_grinder
D:6:      lemuel_doored_altar, enter_ossuary_1
Ossuary:  ossuary_minmay_chase

Skill      XL: |  1  2  3  4  5  6  7 |
---------------+----------------------+-----
Unarmed Combat | 4 5 6 7 8 |  8.3
Throwing       | 2 3 |  3.2
Dodging        | 3 |  3.4
Fighting       | |  2.4
Stealth        | |  1.0

Action                   |  1- 3 |  4- 6 |  7- 9 || total
-------------------------+-------+-------+-------++-------
Melee: Unarmed           |    83 |   170 |    39 ||   292
       Punch             |     2 |     6 |       ||     8
 Stab: Sleeping          |     2 |     6 |       ||     8
  Eat: Chunk             |    14 |    21 |     4 ||    39
Armor: Robe              |    30 |    57 |    10 ||    97
Dodge: Dodged            |    33 |    77 |    25 ||   135
